 Dungeon Crawl Stone Soup version 0.25.1-2-g60ff931df9 (webtiles) character file.

Game seed: 7068676120156077196

46 Martska the Changer (level 3, 0/31 HPs)
             Began as a Naga Transmuter on Oct 14, 2020.
             Slain by a hobgoblin
             ... wielding a +0 club
              (5 damage)
             ... on level 2 of the Dungeon.
             The game lasted 00:02:11 (867 turns).

Martska the Changer (Naga Transmuter)                Turns: 867, Time: 00:02:12

Health: 0/31       AC:  2    Str: 12    XL:     3   Next: 66%
Magic:  6/6        EV: 10    Int: 14    God:
Gold:   10         SH:  0    Dex: 11    Spells: 5/6 levels left

rFire    . . .     SeeInvis +   f - +0 dagger
rCold    . . .     Gourm    .   (no shield)
rNeg     . . .     Faith    .   b - +0 robe
rPois    +         Spirit   .   h - +0 hat
rElec    .         Reflect  .   (no cloak)
rCorr    .         Harm     .   (no gloves)
MR       .....     Clarity  +   (no barding)
Stlth    +.........             (no amulet)
HPRegen  0.10/turn              (no ring)
MPRegen  0.10/turn              (no ring)

@: lethally poisoned (0 -> -3), very slow
A: large, see invisible, clarity, deformed body, poison resistance, slowness 2,
slow metabolism 1, spit poison 1, wild magic 1, AC +1
a: Spit Poison


You were on level 2 of the Dungeon.
You were not hungry.

You visited 1 branch of the dungeon, and saw 2 of its levels.

You collected 10 gold pieces.

Inventory:

Hand Weapons
 e - a +0 club
 f - a +0 dagger (weapon)
Missiles
 a - 32 arrows
Armour
 b - a +0 robe (worn)
 h - a +0 hat (worn)
Potions
 g - 3 potions of curing
Comestibles
 d - a ration


   Skills:
 - Level 1.0 Fighting
 - Level 1.5 Dodging
 - Level 3.0 Unarmed Combat
 - Level 2.0 Spellcasting
 * Level 3.9 Transmutations


You had 5 spell levels left.
You knew the following spells:

 Your Spells              Type           Power        Failure   Level  Hunger
a - Beastly Appendage     Tmut           ###...       8%          1    ##.....

Your spell library contained the following spells:

 Spells                   Type           Power        Failure   Level  Hunger
 Sticks to Snakes         Tmut           ###.....     11%         2    ###....
 Spider Form              Tmut/Pois      #.........   41%         3    ####...
 Ice Form                 Ice/Tmut       #.......     78%         4    #####..
 Blade Hands              Tmut           ###.......   85%         5    ######.


Dungeon Overview and Level Annotations

Branches:
Dungeon (1/15)

Altars:


Innate Abilities, Weirdness & Mutations

You cannot wear boots.
Your serpentine skin is tough. (AC +1)
You have supernaturally acute eyesight. (SInv)
Armour fits poorly on your strangely shaped body.
Your system is resistant to poisons. (rPois)
You cover ground very slowly.
You have a slow metabolism.
You can spit poison.
You possess an exceptional clarity of mind.
Your spells are a little harder to cast, but a little more powerful.


Message History

Press: ? - help, Shift-Dir - straight line, f/p - Terence
Aim: Terence, wielding a +0 falchion and wearing a +0 scale mail (severely wounded, poisoned)
The splash of poison misses the adder.
The splash of poison hits Terence but does no damage.
Terence looks even sicker.
Terence is severely wounded.
You feel slightly more hungry. The adder bites you.
The hobgoblin hits you with a +0 club.
* * * LOW HITPOINT WARNING * * *
Unknown command.
The adder barely misses you. The adder bites you.
* * * LOW HITPOINT WARNING * * *
You are poisoned.
The adder poisons you!
You have got your breath back.
You feel sick.
You kill Terence!
The hobgoblin hits you with a +0 club.
You die...

###. #.#.#.#
#..###.#.#.##
#...........#
#..###...#..#
# #..##..#
#).##..#
##.####..##..#
......Sg.##..#
##.....@.....#
#######.###.#
##.###.#
#.)....#
#..##### #..#
#..# #..# #..#


You could see an adder and a hobgoblin.

Vanquished Creatures
  Terence (D:2)
  2 dart slugs (D:1)
  2 leopard geckos (D:1)
  A giant cockroach (D:1)
  5 goblins (D:1)
  A hobgoblin (D:1)
  3 bats (D:1)
  2 kobolds
  A rat (D:1)
18 creatures vanquished.

Notes
Turn   | Place    | Note
-------+----------+-------------------------------------------
     0 | D:1      | Martska the Naga Transmuter began the quest for the Orb.
     0 | D:1      | Reached XP level 1. HP: 18/18 MP: 3/3
   354 | D:1      | Reached XP level 2. HP: 25/25 MP: 5/5
   742 | D:1      | You fall into a shaft and drop 1 floor!
   748 | D:2      | Reached XP level 3. HP: 24/31 MP: 6/6
   840 | D:2      | Noticed Terence
   851 | D:2      | Gained mutation: You possess an exceptional clarity of
                  | mind. [potion of mutation]
   851 | D:2      | Gained mutation: Your spells are a little harder to cast,
                  | but a little more powerful. [potion of mutation]
   867 | D:2      | Killed Terence
   867 | D:2      | Slain by a hobgoblin

Illustrated notes

Levels and vault maps discovered:
D:1:      shiori_arrival_maze, layout_basic, minmay_pentomino_z4
D:2:      layout_loops_ring, nicolae_qazlal_style_of_elements, uniq_terence

Skill      XL: |  1  2 |
---------------+-------+-----
Transmutations | 3 |  3.9
Fighting       | |  1.0
Dodging        | |  1.5
Unarmed Combat | |  3.0
Spellcasting   | |  2.0

Action                   || total
-------------------------++-------
Melee: Club              ||    40
       Punch             ||     1
       Dagger            ||    11
 Abil: Spit Poison       ||    12
  Use: Potion            ||     3
Armor: Robe              ||    15
Dodge: Dodged            ||    60
